 Dungeon Crawl Stone Soup version 0.29-a0-459-g97dee8cd24 (webtiles) character file.

Game seed: 11652163904716754680

7463 soylentgreeen202 the Reanimator (level 8, -2/65 (69) HPs)
             Began as a Deep Dwarf Necromancer on Mar 29, 2022.
             Was a High Priest of Ru.
             Slain by an orc warrior
             ... wielding a +0 glaive
              (5 damage)
             ... on level 9 of the Dungeon on May 20, 2022.
             The game lasted 01:58:29 (23703 turns).

soylentgreeen202 the Reanimator (DDNe)             Turns: 23703, Time: 01:58:30

HP:   -2/65 (69)    AC: 11    Str: 19    XL:     8   Next: 94%
MP:   14/14         EV: 17    Int: 17    God:    Ru [*****.]
Gold: 277           SH:  0    Dex: 13    Spells: 6/15 levels left

rFire   . . .      SeeInvis .   F - staff of death
rCold   + . .      Faith    +   (no shield)
rNeg    + . .      Spirit   .   M - +1 leather armour {rC+}
rPois   .          Reflect  .   D - +1 helmet
rElec   .          Harm     .   (no cloak)
rCorr   .          Rampage  +   e - +2 pair of gloves
Will    +....                   W - +0 pair of boots {rampage}
Stlth   ..........              l - amulet of faith
HPRegen 0.00/turn               P - +6 ring of strength
MPRegen 0.14/turn               N - +4 ring of evasion

@: drained
A: damage resistance, heal wounds, sense surroundings 1, no stealth, cowardly,
inexperienced 1, missing an eye, no regeneration
a: Heal Wounds, Renounce Religion, Draw Out Power, Power Leap, Apocalypse


You were on level 9 of the Dungeon.
You worshipped Ru.
Ru was extremely pleased with you.
You visited 1 branch of the dungeon, and saw 9 of its levels.
You also visited: Sewer.

You collected 487 gold pieces.
You spent 210 gold pieces at shops.

Inventory:

Hand Weapons
 c - a +0 whip
 d - a +0 quarterstaff
 C - a +2 short sword of venom
 I - a +4 flail of protection
 J - a +6 vorpal trident
 Q - a +0 shortbow
Missiles
 m - 288 stones
 s - 8 poisoned darts (quivered)
 H - a throwing net
 X - 6 javelins
Armour
 a - a +0 robe
 e - a +2 pair of gloves (worn)
 o - a scarf of harm
 r - a +0 leather armour
 u - a +2 scale mail of cold resistance
 D - a +1 helmet (worn)
 M - a +1 leather armour of cold resistance (worn)
 U - a +2 robe of resistance
 W - a +0 pair of boots of rampaging (worn)
Magical Staves
 x - a staff of poison
 F - a staff of death (weapon)
Jewellery
 l - an amulet of faith (around neck)
 L - an amulet of the acrobat
 N - a +4 ring of evasion (right hand)
 P - a +6 ring of strength (left hand)
 S - a ring of protection from fire
Wands
 T - a wand of digging (4)
Scrolls
 g - 3 scrolls of teleportation
 q - 3 scrolls of amnesia {unknown}
 w - a scroll of noise {unknown}
 y - a scroll of magic mapping
 z - 2 scrolls of blinking
 B - 4 scrolls of enchant weapon {unknown}
 E - a scroll of immolation {unknown}
 G - a scroll of fear {unknown}
 O - a scroll of silence {unknown}
 R - a scroll of identify
Potions
 b - a potion of magic
 f - 3 potions of curing
 h - 5 potions of lignification
 i - a potion of brilliance
 j - a potion of resistance
 k - 4 potions of attraction
 n - 3 potions of ambrosia {unknown}
 t - 3 potions of mutation {unknown}
 v - 3 potions of heal wounds {unknown}
 A - 3 potions of flight {unknown}
 K - 2 potions of degeneration {unknown}
 V - a potion of might
Miscellaneous
 p - a lightning rod (4/4)


   Skills:
 - Level 3.0 Fighting
 - Level 9.2 Staves
 - Level 7.0 Armour
 - Level 4.0 Dodging
 - Level 4.0 Spellcasting
 + Level 10.2 Necromancy
 - Level 6.0 Evocations


You had 6 spell levels left.
You knew the following spells:

 Your Spells              Type           Power      Damage    Failure   Level
a - Pain                  Necr           100%       1d9       1%          1
b - Animate Skeleton      Necr           100%       N/A       1%          1
c - Vampiric Draining     Necr           55%        2d9       1%          3
d - Animate Dead          Necr           55%        N/A       2%          4

Your spell library contained the following spells:

 Spells                   Type           Power      Damage    Failure   Level
 Agony                    Necr           55%        N/A       8%          5
 Freeze                   Ice            12%        1d4       19%         1
 Slow                     Hex            12%        N/A       19%         1
 Poisonous Vapours        Pois/Air       6%         N/A       26%         2
 Death Channel            Necr           27%        N/A       38%         6
 Corpse Rot               Necr/Pois/Air  22%        N/A       41%         4
 Confusing Touch          Hex            3%         N/A       47%         3
 Frozen Ramparts          Ice            6%         1d2       47%         3
 Borgnjor's Vile Clutch   Necr/Erth      15%        N/A       52%         5
 Hailstorm                Conj/Ice       3%         3d3       87%         4
 Simulacrum               Ice/Necr       15%        N/A       98%         6
 Freezing Cloud           Conj/Ice/Air   1%         6-21      99%         5
 Polar Vortex             Ice            1%         N/A       100%        9


Dungeon Overview and Level Annotations

Branches:
Dungeon (9/15)             Temple (0/1) D:7           Sewer (visited)
   Lair: D:8-11         Orc: D:9-12

Altars:
Ashenzari
Fedhas
Hepliaklqana
Kikubaaqudgha
Nemelex Xobeh
Okawaru
Qazlal
Ru
Sif Muna
Trog
Uskayaw

Shops:
D:4 ?   D:7 [[

Annotations:
D:3 exclusion: 2 downstairs
D:6 exclusion: 2 downstairs
D:7 exclusion: downstairs
D:8 exclusion: 2 downstairs
D:9 3 runed translucent doors, spaghetti's ghost, novice GnWn


Innate Abilities, Weirdness & Mutations

You are resistant to damage.
You can heal yourself by infusing magical energy.
You passively map a small area around you.
You cannot be stealthy.
Your cowardice makes you less effective in combat with threatening foes.
You are somewhat inexperienced. (-2 XL)
You are missing an eye, making it more difficult to aim.
You do not regenerate.


Message History

The cyclops throws a large rock.
The large rock barely misses the cyclops.
There is a stone staircase leading up, spattered with blood here.
You climb upwards.
Level annotation: exclusion: 2 downstairs
There is a stone staircase leading down, spattered with blood here.
Items here: ))) [.
There is a stone staircase leading down here.
Okay, then.
Unknown command.
Unknown command.
There is a stone staircase leading down here.
Press: ? - help, v - describe, . - travel A stone staircase leading down.
Removed exclusion.
You climb downwards.
Level annotation: 3 runed translucent doors, spaghetti's ghost, novice GnWn
There is a stone staircase leading up here.
There is an escape hatch in the ceiling here.
There is a large open door here.
You open the large door.
There is a large open door here.
A cyclops comes into view.
The cyclops shouts!
The cyclops throws a large rock.
The large rock hits you!
* * * LOW HITPOINT WARNING * * *
You feel a twist of horror at the sight of this foe.
An orc warrior comes into view. It is wielding a +0 glaive.
You reel with horror at the sight of these foes!
The cyclops throws a large rock.
The large rock hits you!
* * * LOW HITPOINT WARNING * * *
Okay, then.
There is a large open door here.
Casting: Vampiric Draining (safe; 1% risk of failure)
Confirm with . or Enter, or press ? or * to list all spells.
Okay, then.
There is a large open door here.
There is an escape hatch in the ceiling here.
The orc warrior hits you from afar with a +0 glaive!
You die...

.Z.##...## #.......#
#...... ....##.###
#.......# #......
....##.Z.# #.....>.#
#...... ....###Z.#
#.......# #...... ....#
#..# #.......# #......
....# #..#
#.###########..... ....#
#..# #.#....)....'.....
....# #..#
#.#...o.o...'..... ....#
#..# #@#''########....#
....# #..#
#.#...oO....#...## ....#
#..# #o#.........#...#.
....# ,
#.#.#######o#...+. ....#
, * #.#.... , .#...+.
....# , #.#....,.
..#...+. ....# *
#.#.........#...#. ....#
#.#.o.#.#...#...## ....#
*
.#######.#.........#....#


You could see an orc warrior.

Vanquished Creatures
  Pikel (D:4)
  Maggie (D:8)
  Sigmund (D:3)
  A shadow (D:9)
  9 yaks
  Menkaure (D:4)
  A water moccasin (D:8)
  An acid dragon (D:7)
  3 sky beasts
  An ice beast (D:5)
  2 black bears (D:7)
  2 orc warriors
  4 ogres
  3 centaurs
  4 wolves (D:7)
  A lemure (D:4)
  A phantom (D:7)
  3 bullfrogs
  Blork the orc (D:5)
  A gnoll sergeant (D:6)
  2 scorpions (D:6)
  4 wights (D:8)
  4 killer bees (D:9)
  A howler monkey (D:5)
  An electric eel (D:9)
  2 jellies (D:3)
  A gnoll shaman (D:5)
  4 orc priests
  5 hounds
  Terence (D:3)
  3 iguanas
  5 orc wizards
  Natasha (thrice) (D:3)
  Robin (D:3)
  14 gnolls
  13 adders
  7 river rats (D:5)
  A shadow imp (D:6)
  A worm (D:5)
  2 dart slugs
  33 orcs
  10 ball pythons
  5 bats
  14 endoplasms
  13 giant cockroaches
  14 goblins
  16 hobgoblins
  5 jackals
  18 kobolds
  18 quokkas
  6 frilled lizards
  16 rats
285 creatures vanquished.

Vanquished Creatures (collateral kills)
  Erica (D:9)
  An acid dragon (D:9)
  A killer bee (D:9)
  2 electric eels (D:9)
  A ball python (Sewer)
6 creatures vanquished.

Vanquished Creatures (others)
  Grum (D:8)
  A black bear (D:6)
  A wight (D:8)
  A killer bee zombie (D:9)
  A river rat (D:5)
  2 orcs (D:8)
  6 fungi (D:3)
  13 plants (D:9)
  7 toadstools (D:3)
33 creatures vanquished.

Grand Total: 324 creatures vanquished

Notes
Turn   | Place    | Note
-------+----------+-------------------------------------------
     0 | D:1      | soylentgreeen202 the Deep Dwarf Necromancer began the quest
                  | for the Orb.
     0 | D:1      | Reached XP level 1. HP: 15/15 MP: 3/3
  1032 | D:1      | Reached XP level 2. HP: 19/22 MP: 1/4
  1266 | D:1      | Upgraded the game from 0.29-a0-284-gf9362112df to
                  | 0.29-a0-352-g0917bc69df
  1515 | D:1      | Reached skill level 5 in Necromancy
  1837 | D:1      | Upgraded the game from 0.29-a0-352-g0917bc69df to
                  | 0.29-a0-369-gd956c00756
  1839 | D:1      | Learned a level 1 spell: Animate Skeleton
  2668 | D:2      | Reached XP level 3. HP: 22/28 MP: 2/6
  3082 | D:2      | Learned a level 3 spell: Vampiric Draining
  3451 | D:2      | Reached skill level 6 in Necromancy
  3454 | D:2      | Reached XP level 4. HP: 19/36 MP: 0/7
  3638 | D:2      | Found a sacrificial altar of Ru.
  3646 | D:2      | Became a worshipper of Ru the Awakened
  4014 | D:3      | Noticed Terence
  4036 | D:3      | Found a glowing drain.
  4050 | Sewer    | Entered a sewer
  4811 | Sewer    | Reached XP level 5. HP: 42/42 MP: 5/8
  5007 | Sewer    | Reached skill level 7 in Necromancy
  5245 | Sewer    | Reached skill level 8 in Necromancy
  5245 | Sewer    | Reached XP level 6. HP: 28/49 MP: 0/9
  5607 | D:3      | Noticed Sigmund
  6002 | D:3      | Killed Terence
  6116 | D:3      | Upgraded the game from 0.29-a0-369-gd956c00756 to
                  | 0.29-a0-451-gfbfa42419e
  6899 | D:3      | Noticed Natasha
  7161 | D:3      | Noticed Robin
  7165 | D:3      | Killed Robin
  7259 | D:3      | Killed Natasha
  7284 | D:3      | Noticed Natasha
  7545 | D:4      | Noticed Menkaure
  7617 | D:3      | Reached skill level 9 in Necromancy
  7628 | D:3      | Gained mutation: Your cowardice makes you less effective in
                  | combat with threatening foes. [Ru sacrifice]
  7628 | D:3      | Reached * piety under Ru
  7706 | D:3      | Killed Natasha
  7707 | D:3      | Reached XP level 7. HP: 49/56 MP: 2/10
  8291 | D:4      | Found Sadghet's Magic Scroll Shoppe.
  8294 | D:4      | Bought a scroll of enchant armour for 105 gold pieces
  8294 | D:4      | Bought a scroll of blinking for 105 gold pieces
  8346 | D:4      | Reached skill level 1 in Fighting
  9396 | D:4      | Learned a level 4 spell: Animate Dead
  9431 | D:4      | Noticed Pikel
 10270 | D:3      | Noticed Natasha
 10273 | D:3      | Killed Natasha
 11397 | D:5      | Entered Level 5 of the Dungeon
 11403 | D:5      | Noticed Blork the orc
 11408 | D:5      | Killed Blork the orc
 11409 | D:5      | Reached skill level 1 in Evocations
 11756 | D:4      | Reached skill level 1 in Staves
 12043 | D:5      | Reached XP level 8. HP: 69/69 MP: 3/11
 14086 | D:5      | Gained mutation: You are somewhat inexperienced. (-2 XL)
                  | [Ru sacrifice]
 14086 | D:5      | Reached XP level 7. HP: 62/62 MP: 1/10
 14086 | D:5      | Reached XP level 6. HP: 56/56 MP: 1/9
 14086 | D:5      | Reached ** piety under Ru
 14086 | D:5      | Reached *** piety under Ru
 15138 | D:4      | Killed Pikel
 15139 | D:4      | Reached skill level 10 in Necromancy
 15139 | D:4      | Reached XP level 7. HP: 52/62 MP: 0/12
 15347 | D:4      | Killed Menkaure
 15468 | D:3      | Killed Sigmund
 15630 | D:6      | Reached skill level 5 in Staves
 15922 | D:6      | Found a blossoming altar of Fedhas.
 16008 | D:6      | Found a bloodstained altar of Trog.
 16081 | D:6      | Found a sparkling altar of Nemelex Xobeh.
 16686 | D:7      | Found a staircase to the Ecumenical Temple.
 17447 | D:7      | Gained mutation: You cannot be stealthy. [Ru sacrifice]
 17447 | D:7      | Reached **** piety under Ru
 17456 | D:7      | Identified the +0 chain mail of Dinugein {rC+ Int+2}
 17703 | D:7      | Found Sonlaj's Antique Armour Shoppe.
 17720 | D:7      | Reached skill level 1 in Armour
 17861 | D:7      | Found Yheklyur's Antique Armour Emporium.
 18708 | D:7      | Found a broken altar of Ashenzari.
 18714 | D:7      | Found an iron altar of Okawaru.
 18722 | D:7      | Found a hide-covered altar of Uskayaw.
 18795 | D:7      | Reached skill level 5 in Armour
 18795 | D:7      | Reached XP level 8. HP: 43/69 MP: 1/14
 18961 | D:8      | Noticed Grum
 19027 | D:8      | Noticed Maggie
 19037 | D:8      | Killed Maggie
 19578 | D:8      | Killed Grum
 20323 | D:8      | Reached skill level 5 in Evocations
 20342 | D:8      | HP: 3/69 [orc warrior/+2 short sword of electrocution (8)]
 20720 | D:8      | Found an ancient bone altar of Kikubaaqudgha.
 20753 | D:8      | Found a shimmering blue altar of Sif Muna.
 20899 | D:8      | Identified the +1 chain mail "Viemif" {Contam rPois Int+4}
 21750 | D:8      | Upgraded the game from 0.29-a0-451-gfbfa42419e to
                  | 0.29-a0-459-g97dee8cd24
 22159 | D:9      | Gained mutation: You are missing an eye, making it more
                  | difficult to aim. [Ru sacrifice]
 22159 | D:9      | Reached ***** piety under Ru
 22344 | D:9      | Found a stormy altar of Qazlal.
 22345 | D:9      | Noticed Erica
 22350 | D:9      | Killed Erica
 22568 | D:9      | Noticed a cyclops
 23238 | D:9      | Found a faded altar of an unknown god.
 23238 | D:9      | Found a hazy altar of Hepliaklqana.
 23238 | D:9      | Found a faded altar of an unknown god.
 23280 | D:9      | Found a runed translucent gate.
 23280 | D:9      | Found a runed translucent gate.
 23280 | D:9      | Found a runed translucent gate.
 23281 | D:9      | Noticed spaghetti's ghost (novice GnWn)
 23281 | D:9      | Noticed an 11-headed hydra
 23366 | D:9      | Noticed a two-headed ogre
 23663 | D:9      | Noticed a cyclops
 23666 | D:9      | HP: 3/65 [cyclops/large rock (13)]
 23703 | D:9      | Slain by an orc warrior

Illustrated notes

Levels and vault maps discovered:
D:1:      dpeg_arrival_more_subterranean_lakeside_camping, layout_basic
D:2:      layout_rooms, basic_altar, kennysheep_generic_room_13
D:3:      cheibrodos_fertilizer, layout_loops_ring, portal_sewer_entry_f,
          uniq_sigmund, uniq_terence, uniq_robin, uniq_natasha
D:4:      layout_gridville, serial_shops, nicolae_stop_n_shop_2, st_stairs_14,
          kennysheep_generic_room_14, uniq_pikel, uniq_menkaure
D:5:      lemuel_ratsnest, layout_layer_cave, minmay_fountain_box,
          minmay_door_square, kennysheep_nub, cheibrodos_gnoll_hut,
          uniq_blork_the_orc
D:6:      layout_rooms, trog_hazing_becter, fedhas_altar_4,
          general_overflow_altar
D:7:      layout_basic, minmay_overflow_temple_star_quad,
          minmay_temple_entry_mist, serial_shops, nicolae_shop_advertising_works
          [nicolae_subvault_shop_adworks], shop, minmay_misc_feat_four_crosses,
          chequers_serial_rivers_large_a
D:8:      layout_basic, lemuel_blue_sif_altar, lemuel_crystal_altar,
          uniq_maggie, uniq_grum
D:9:      layout_long_grid, lemuel_round_altar,
          nicolae_hepliaklqana_ecumenical_no_more, gammafunk_ghost_hydra_chop,
          chequers_big_river, hellmonk_guarded_unrand_dark_maul, uniq_erica

Skill      XL: |  1  2  3  4  5  6  7  8 |
---------------+-------------------------+-----
Spellcasting   | 2 3 4 |  4.0
Necromancy     | 5 6 8 10 | 10.2
Fighting       | 3 |  3.0
Dodging        | 4 |  4.0
Evocations     | 4 3 6 |  6.0
Staves         | 7 9 |  9.2
Stealth        | 0 |  0.0
Armour         | 5 7 |  7.0

Action                   |  1- 3 |  4- 6 |  7- 9 || total
-------------------------+-------+-------+-------++-------
Melee: Quarterstaff      |    29 |    63 |     5 ||    97
       Staff             |       |    88 |   200 ||   288
       Trident           |       |       |    30 ||    30
       Punch             |       |       |     4 ||     4
Throw: Dart              |       |     9 |    23 ||    32
 Cast: Pain              |    68 |    71 |    58 ||   197
       Animate Skeleton  |     3 |     2 |       ||     5
       Vampiric Draining |       |    42 |   161 ||   203
       Animate Dead      |       |       |     6 ||     6
Invok: Sacrifice Courage |       |     1 |       ||     1
       Sacrifice Experie |       |     1 |       ||     1
       Draw Out Power    |       |       |     3 ||     3
       Sacrifice Stealth |       |       |     1 ||     1
       Power Leap        |       |       |     1 ||     1
       Sacrifice an Eye  |       |       |     1 ||     1
Evoke: Lightning rod     |       |       |     9 ||     9
  Use: Scroll            |       |     5 |     7 ||    12
       Potion            |       |     1 |     2 ||     3
 Stab: Sleeping          |     2 |       |       ||     2
       Distracted        |       |     1 |       ||     1
       Invisible         |       |       |     6 ||     6
Armor: Robe              |    19 |    56 |    47 ||   122
       Leather armour    |       |       |    67 ||    67
Dodge: Dodged            |    43 |   151 |   273 ||   467

Table legend: (Time is in decaauts)
 A = Elapsed time spent in this place.
 B = Non-inter-level travel time spent in this place.
 C = Inter-level travel time spent in this place.
 D = Time resting spent in this place.
 E = Time spent auto-exploring this place.
 F = Levels seen in this place.
 G = Mean time per level.
                   A        B        C        D        E       F      G
               +--------+--------+--------+--------+--------+-----+--------+
         Total |  23821 |  22546 |   1275 |  12010 |   4207 |  10 | 2382.1 |
       Dungeon |  22327 |  21052 |   1275 |  10964 |   4179 |   9 | 2480.8 |
         Sewer |   1493 |   1493 |      0 |   1045 |     28 |   1 | 1493.0 |
               +--------+--------+--------+--------+--------+-----+--------+

Top non-repeatable levels by time:
     D:4: 3467 daAuts
     D:3: 3362 daAuts
     D:5: 3319 daAuts
     D:8: 2749 daAuts
     D:1: 2729 daAuts
     D:7: 2538 daAuts
   Sewer: 1493 daAuts
     D:6: 1443 daAuts
     D:2: 1367 daAuts
     D:9: 1350 daAuts
